 Dungeon Crawl Stone Soup version 0.15.0-13-gb296d5c (webtiles) character file.

37 CrazyArbalest the Bolt Thrower (level 3, -6/23 HPs)
             Began as a Demonspawn Hunter on Sept 2, 2014.
             Mangled by Terence
             ... wielding a +4 hand axe of flaming
              (8 damage)
             ... on Level 2 of the Dungeon.
             The game lasted 00:03:42 (1050 turns).

CrazyArbalest the Bolt Thrower (Demonspawn Hunter)  Turns: 1050, Time: 00:03:42

HP  -6/23        AC  1     Str 10      XL: 3   Next: 21%
MP   3/3         EV 14     Int 12      God:
Gold 66          SH  0     Dex 14      Spells:  0 memorised,  2 levels left

rFire  . . .     SeeInvis .     a - +0 short sword
rCold  . . .     Clarity  .     d - +0 leather armour
rNeg   . . .     rCorr    .     (no shield)
rPois  .         rRot     .     (no helmet)
rElec  .         Spirit   .     (no cloak)
SustAb .         Warding  .     (no gloves)
rMut   .         Stasis   .     (no boots)
Gourm  .                        (no amulet)
MR     .....                    (no ring)
                                (no ring)

@: not resistant to hostile enchantments, very unstealthy
A: repulsion field 2, deformed body, deterioration 1, frail 1, screaming 1, weak
1
a: no special abilities


You were on level 2 of the Dungeon.
You were not hungry.

You visited 1 branch of the dungeon, and saw 2 of its levels.

You collected 66 gold pieces.

Inventory:

Hand weapons
 a - a +0 short sword (weapon)
 b - a +1 hand crossbow
Armour
 d - a +0 leather armour (worn)
Comestibles
 f - 2 bread rations
 m - a slice of pizza
Scrolls
 h - a scroll of enchant armour {unknown}
 j - 2 scrolls of fear {unknown}
 k - a scroll of identify {unknown}
 l - a scroll of enchant weapon {unknown}
 n - a scroll of amnesia {unknown}
Potions
 g - a potion of lignification {unknown}
 i - a potion of confusion {unknown}
 o - a potion of curing {unknown}
 p - a potion of cancellation {unknown}


   Skills:
 + Level 1.0 Fighting
 + Level 4.5 Crossbows
 + Level 1.9 Dodging
 + Level 1.0 Stealth


You had 2 spell levels left.
You didn't know any spells.

Dungeon Overview and Level Annotations

Branches:
Dungeon (2/15)

Altars:

Annotations:
D:2 Terence


Innate Abilities, Weirdness & Mutations

You are surrounded by a moderate repulsion field (EV +3).
Armour fits poorly on your strangely shaped body.
Your body is slowly deteriorating.
You are frail (-10% HP).
You occasionally shout uncontrollably at your foes.
You are weak. (Str -2)


Message History

You barely miss Terence.
Terence is severely wounded.
Terence says, "Time to say good-bye..."
Terence barely misses you.
You hit Terence.
Terence is almost dead.
Terence misses you.
You hit Terence but do no damage.
Terence is almost dead.
Terence hits you but does no damage.
You hit Terence but do no damage.
Terence is almost dead.
Terence barely misses you.
You hit Terence.
Terence is almost dead.
Terence hits you but does no damage.
You barely miss Terence.
Terence is almost dead.
Terence hits you with a hand axe of flaming!
You die...

####...####[......
#.##....).........
##).....#...........
...####..##.........
%..#.....#.#........
...#......# ##.....
...........# ....
...........# # ####
....##......#.##@@##
....##.......##...(##...
######..................
#.............[(...
#.......##....##.((
#...[..#.##..##. )
#.....#.#.####.#. ####
##....##.#....#.# ...#
##...#.##......##.#


You could see Terence.

Vanquished Creatures
  An ooze (D:1)
  A ball python (D:1)
  4 bats (D:1)
  2 giant cockroaches (D:1)
  A goblin (D:1)
  6 hobgoblins
  8 kobolds
  2 giant geckos
  A giant newt (D:2)
  6 rats
32 creatures vanquished.

Notes
Turn   | Place    | Note
--------------------------------------------------------------
     0 | D:1      | CrazyArbalest, the Demonspawn Hunter, began the quest for the Orb.
     0 | D:1      | Reached XP level 1. HP: 15/15 MP: 1/1
   111 | D:1      | Reached skill level 4 in Crossbows
   147 | D:1      | Gained mutation: You are surrounded by a mild repulsion field (EV +2). [demonic ancestry]
   147 | D:1      | Reached XP level 2. HP: 21/21 MP: 2/2
   600 | D:1      | Gained mutation: You are surrounded by a moderate repulsion field (EV +3). [demonic ancestry]
   600 | D:1      | Reached XP level 3. HP: 19/26 MP: 3/3
   812 | D:2      | Reached skill level 1 in Stealth
  1025 | D:2      | Noticed Terence
  1040 | D:2      | HP: 1/26 [Terence/hand axe of flaming (1)]
  1041 | D:2      | Gained mutation: Your body is slowly deteriorating. [potion of mutation]
  1041 | D:2      | Gained mutation: You are frail (-10% HP). [potion of mutation]
  1041 | D:2      | Gained mutation: Armour fits poorly on your strangely shaped body. [potion of mutation]
  1042 | D:2      | Gained mutation: You are weak. (Str -2) [potion of mutation]
  1042 | D:2      | Gained mutation: You occasionally shout uncontrollably at your foes. [potion of mutation]
  1050 | D:2      | Mangled by Terence

Action                   || total
-------------------------++-------
Melee: Short sword       ||     7
 Fire: Hand crossbow     ||    78
  Use: Potion            ||     2
